 Dungeon Crawl Stone Soup version 0.26-a0-720-g2a1d101370 (webtiles) character file.

Game seed: 1463222392224580059

36 jasper the Chopper (level 3, -4/23 HPs)
             Began as a Tengu Berserker on Nov 3, 2020.
             Was a Believer of Trog.
             Slain by a small abomination (6 damage)
             ... while petrified by a basilisk
             ... on level 1 of the Abyss.
             The game lasted 00:01:31 (947 turns).

jasper the Chopper (Tengu Berserker)                 Turns: 947, Time: 00:01:31

Health: -4/23      AC:  6    Str: 18    XL:     3   Next: 37%
Magic:  4/4        EV:  2    Int:  7    God:    Trog [**....]
Gold:   45         SH:  0    Dex: 13    Spells: 2/2 levels left

rFire    . . .     SeeInvis .   a - +0 hand axe
rCold    . . .     Faith    +   (no shield)
rNeg     + + +     Spirit   .   l - +0 scale mail
rPois    ∞         Reflect  .   (helmet restricted)
rElec    .         Harm     .   (no cloak)
rCorr    .         Rampage  .   (no gloves)
MR       .....                  (boots unavailable)
Stlth    ..........             c - amulet of faith
HPRegen  0.07/turn              (no ring)
MPRegen  0.09/turn              (no ring)

@: petrified
A: beak, talons 3
a: Berserk, Trog's Hand, Renounce Religion


You were on level 1 of the Abyss.
You worshipped Trog.
Trog was pleased with you.
You visited 1 branch of the dungeon, and saw 2 of its levels.
You visited the Abyss 1 time.

You collected 45 gold pieces.

Inventory:

Hand Weapons
 a - a +0 hand axe (weapon)
 k - a +1 war axe of distortion
Missiles
 m - 3 silver javelins (quivered)
Armour
 b - a +0 animal skin
 l - a +0 scale mail (worn)
Jewellery
 c - an amulet of faith (around neck)
 d - an uncursed amulet of magic regeneration {unknown}
Scrolls
 e - a scroll of teleportation {unknown}
 f - a scroll of amnesia {unknown}
 g - a scroll of immolation {unknown}
 i - a scroll of noise {unknown}
Potions
 h - a potion of curing {unknown}
 j - a potion of flight {unknown}


   Skills:
 - Level 3.0 Fighting
 + Level 4.8 Axes
 - Level 2.1 Armour
 - Level 2.1 Dodging


You had 2 spell levels left.
You didn't know any spells.
Your spell library was empty.

Dungeon Overview and Level Annotations

Branches:
Dungeon (2/15)

Altars:
Ashenzari


Innate Abilities, Weirdness & Mutations

You have a beak for a mouth.
You have claws for feet.


Message History

Found 3 silver javelins.
You see here 3 silver javelins.
m - 3 silver javelins A basilisk comes into view.
The basilisk hisses angrily.
The basilisk gazes at you.
You are slowing down.
The basilisk gazes at you.
Your limbs have turned to stone.
A small abomination comes into view.
You have turned to stone.
The basilisk gazes at you. x2
The basilisk bites you! The small abomination hits you!!
The basilisk bites you. The small abomination hits you!
* * * LOW HITPOINT WARNING * * *
The basilisk bites you but does no damage.
A raiju comes into view.
The small abomination hits you!
You die...

.. #..#. . #.
#. #.#.##. .# .
###..###.#... #
.# #. #. ....#
#.## .. .#
#.#..### ..# #
...# .##.. #
.#..#####
#...#.####...
.# #...x## . .
.#.# ..#.l@##..
.#..#
......#...#..##
.# .........#.#
..##..
.#.####.#.##
#..## . #
##...# #.##
##... # .# ...#
.. .##.h# . #
.##


You could see a raiju (wandering), a basilisk and a small abomination.

Vanquished Creatures
  An ooze (D:1)
  A worm (D:2)
  A dart slug (D:1)
  2 leopard geckos
  4 bats (D:2)
  A giant cockroach (D:1)
  3 goblins
  A hobgoblin (D:1)
  A frilled lizard (D:2)
  5 kobolds
  8 rats
28 creatures vanquished.

Notes
Turn   | Place    | Note
-------+----------+-------------------------------------------
     0 | D:1      | jasper the Tengu Berserker began the quest for the Orb.
     0 | D:1      | Reached XP level 1. HP: 14/14 MP: 2/2
   172 | D:1      | Reached skill level 4 in Axes
   172 | D:1      | Reached XP level 2. HP: 19/19 MP: 3/3
   415 | D:1      | Found a broken altar of Ashenzari.
   417 | D:1      | Reached XP level 3. HP: 23/23 MP: 4/4
   651 | D:2      | Reached ** piety under Trog
   861 | D:2      | Cast into level 1 of the Abyss (unwielding a weapon of
                  | distortion)
   896 | Abyss:1  | Found a viscous altar of Jiyva.
   935 | Abyss:1  | Noticed a basilisk
   937 | Abyss:1  | Noticed a small abomination
   947 | Abyss:1  | Noticed a raiju
   947 | Abyss:1  | Slain by a small abomination

Illustrated notes

Levels and vault maps discovered:
D:1:      scummos_arrival_hexagon, layout_basic, ashenzari_altar_1
D:2:      layout_loops_ring, kennysheep_slug_shrine
Abyss:1:  base: Temple, hangedman_classic_abyss_death

Skill      XL: |  1 |
---------------+----+-----
Axes           | 4 |  4.8
Fighting       | |  3.0
Armour         | |  2.1
Dodging        | |  2.1

Action                   || total
-------------------------++-------
Melee: Hand axe          ||    36
       Kick              ||    15
       Peck              ||     3
       War axe           ||     9
 Stab: Sleeping          ||     1
Armor: Animal skin       ||     3
       Scale mail        ||     1
Dodge: Dodged            ||    29

Table legend: (Time is in decaauts)
 A = Elapsed time spent in this place.
 B = Non-inter-level travel time spent in this place.
 C = Inter-level travel time spent in this place.
 D = Time resting spent in this place.
 E = Time spent auto-exploring this place.
 F = Levels seen in this place.
 G = Mean time per level.
                   A        B        C        D        E       F      G
               +--------+--------+--------+--------+--------+-----+--------+
         Total |    951 |    924 |     27 |    138 |    567 |   3 |  317.0 |
       Dungeon |    866 |    839 |     27 |    138 |    567 |   2 |  433.0 |
         Abyss |     85 |     85 |      0 |      0 |      0 |   1 |   85.0 |
               +--------+--------+--------+--------+--------+-----+--------+

Top non-repeatable levels by time:
     D:1: 599 daAuts
     D:2: 267 daAuts
 Abyss:1: 85 daAuts
